 Dungeon Crawl Stone Soup version 0.28.0-1-gb440e238dd (webtiles) character file.

Game seed: 6389795759591643500

1375 hitsuchi the Stinger (level 8, -1/48 HPs)
             Began as an Octopode Venom Mage on Feb 19, 2022.
             Was an Initiate of Gozag.
             Slain by a yak (14 damage)
             ... on level 4 of the Dungeon.
             The game lasted 00:15:51 (7558 turns).

hitsuchi the Stinger (Octopode Venom Mage)          Turns: 7558, Time: 00:15:52

Health: -1/48      AC:  1    Str:  7    XL:     8   Next: 66%
Magic:  6/14       EV: 13    Int: 19    God:    Gozag
Gold:   818        SH:  0    Dex: 13    Spells: 5/15 levels left

rFire   . . .      SeeInvis .   a - +0 short sword (elec)
rCold   . . .      Faith    .   (no shield)
rNeg    . . .      Spirit   .   (helmet restricted)
rPois   .          Reflect  .   (no amulet)
rElec   .          Harm     .   (no ring)
rCorr   .          Rampage  .   (no ring)
Will    .....                   (no ring)
Stlth   +++.......              (no ring)
HPRegen 0.16/turn               (no ring)
MPRegen 0.14/turn               (no ring)
                                (no ring)
                                (no ring)

@: no status effects
A: almost no armour, amphibious, 8 rings, camouflage 1, gelatinous body 1,
(nimble swimmer 1), tentacles
a: Renounce Religion, Potion Petition, Call Merchant, Bribe Branch


You were on level 4 of the Dungeon.
You worshipped Gozag.
Gozag was pleased with you.
You visited 1 branch of the dungeon, and saw 5 of its levels.
You also visited: Ossuary.

You collected 863 gold pieces.
You paid 45 gold pieces to Gozag.

Inventory:

Hand Weapons
 a - a +0 short sword of electrocution (weapon)
Missiles
 p - 3 throwing nets
Wands
 n - a wand of iceblast (6)
Scrolls
 c - a scroll of brand weapon {unknown}
 e - a scroll of fog {unknown}
 f - a scroll of blinking {unknown}
 g - 3 scrolls of identify {unknown}
 j - a scroll of vulnerability {unknown}
 k - a scroll of silence {unknown}
 l - a scroll of amnesia {unknown}
 m - a scroll of magic mapping {unknown}
 q - 2 scrolls of teleportation {unknown}
 r - a scroll of holy word {unknown}
 s - a scroll of noise {unknown}
 t - a scroll of acquirement {unknown}
 u - 2 scrolls of fear {unknown}
Potions
 b - 2 potions of heal wounds {unknown}
 d - 3 potions of brilliance {unknown}
 h - 2 potions of curing {unknown}
 i - 2 potions of berserk rage {unknown}
 o - a potion of flight {unknown}
 v - 2 potions of might {unknown}
 w - 3 potions of degeneration {unknown}


   Skills:
 + Level 1.0 Fighting
 + Level 2.3 Dodging
 + Level 3.3 Stealth
 - Level 4.0 Spellcasting
 - Level 4.0 Conjurations
 - Level 4.0 Transmutations
 - Level 4.0 Fire Magic
 - Level 4.0 Air Magic
 - Level 6.0 Poison Magic


You had 5 spell levels left.
You knew the following spells:

 Your Spells              Type           Power      Damage    Failure   Level
a - Sting                 Tmut/Pois      88%        1d7       1%          1
b - Poisonous Vapours     Pois/Air       44%        N/A       2%          2
c - Mephitic Cloud        Conj/Pois/Air  21%        N/A       6%          3
d - Ignite Poison         Fire/Tmut/Pois 21%        N/A       6%          3
e - Foxfire               Conj/Fire      76%        2x1d7     2%          1

Your spell library contained the following spells:

 Spells                   Type           Power      Damage    Failure   Level
 Conjure Flame            Conj/Fire      19%        6-21      8%          3
 Olgreb's Toxic Radiance  Pois           26%        N/A       12%         4
 Dazzling Flash           Conj/Hex       22%        N/A       19%         3
 Inner Flame              Hex/Fire       11%        N/A       19%         3
 Flame Wave               Conj/Fire      19%        2d6       26%         4
 Freezing Cloud           Conj/Ice/Air   6%         6-21      78%         5
 Silence                  Hex/Air        5%         N/A       86%         5
 Agony                    Necr           3%         N/A       98%         5


Dungeon Overview and Level Annotations

Branches:
Dungeon (5/15)            Ossuary (visited)
 Temple: D:4-7

Altars:
Cheibriados
Gozag
Nemelex Xobeh
Qazlal
Uskayaw
Wu Jian


Innate Abilities, Weirdness & Mutations

You cannot wear most types of armour.
You are amphibious.
You can wear up to eight rings at the same time.
Your skin changes colour to match your surroundings (Stealth+).
Your rubbery body absorbs attacks. (AC +1, EV +1)
((You are camouflaged when in or above water. (Stealth+)))
You have tentacles for arms and can constrict up to eight enemies at once.


Message History

You tentacle-slap the yak, but do no damage.
Your squeeze misses the yak.
The yak is heavily wounded.
The yak gores you.
You closely miss the yak. Your squeeze misses the yak.
The yak is severely wounded.
The yak looks more healthy.
The yak gores you!
You completely miss the yak.
The yak is severely wounded.
The yak gores you!
Casting: Poisonous Vapours (safe; 2% risk of failure)
Confirm with . or Enter, or press ? or * to list all spells.
Aiming: Poisonous Vapours (safe; 2% risk of failure)
Press: ? - help, Dir - move target, f/p - yak
Aim: a yak (heavily wounded) Poisonous vapours surround the yak!
The yak is poisoned.
The yak misses you.
Casting: Poisonous Vapours (safe; 2% risk of failure)
Confirm with . or Enter, or press ? or * to list all spells.
Aiming: Sting (safe; 1% risk of failure)
Press: ? - help, Shift-Dir - straight line, f/p - yak
Aim: a yak (severely wounded, poisoned, 85% to hit)
The sting misses the yak.
The yak gores you!
* * * LOW HITPOINT WARNING * * *
Unknown command.
The yak looks more healthy.
There is an open door here.
There is an open door here.
There is a stone staircase leading up here.
The yak gores you!
* * * LOW HITPOINT WARNING * * *
The orc wizard casts a spell.
The orc wizard flickers and vanishes!
Deactivating autopickup; reactivate with Ctrl-A.
You climb upwards.
Reactivating autopickup.
There is a stone staircase leading down here.
There is an open door here.
The yak gores you!
You die...
Your body crumbles into a pile of gold.

##'#########'##...##...###..##...
##.##...###..##'##########..#####
#............................#
#....................).......#
#........................)...#
#............................#
##................##...##.#######
##.......##.......##...##.####..#
####'######....Y@.##......'......
..>.......................#......
...)........<.............#......
.....................>....##....#
..................##......##....#
..................##......##....#
####..)..##........)......#.....#
#######'###...............#.....#
.........##.......##......#.....#


You could see a yak.

Vanquished Creatures
  Sigmund (D:5)
  2 yaks (D:5)
  Edmund (D:5)
  A water moccasin (D:5)
  A black bear (D:4)
  2 scorpions (D:5)
  A centaur zombie (D:5)
  2 hounds
  A gnoll shaman (D:3)
  2 orc priests
  3 iguanas (D:4)
  2 mummies (Ossuary)
  4 gnolls
  A howler monkey skeleton (D:5)
  6 adders
  A white imp (D:5)
  A worm (D:4)
  4 dart slugs
  11 orcs
  2 ball pythons
  3 endoplasms
  2 giant cockroaches
  8 goblins
  8 hobgoblins
  5 kobolds
  7 quokkas
  2 bats
  4 frilled lizards
  5 gnoll zombies (Ossuary)
  5 goblin zombies (Ossuary)
  3 hobgoblin zombies (Ossuary)
  An orc zombie (Ossuary)
  4 rats
106 creatures vanquished.

Vanquished Creatures (others)
  110 foxfires
  2 plants (D:5)
112 creatures vanquished.

Grand Total: 218 creatures vanquished

Notes
Turn   | Place    | Note
-------+----------+-------------------------------------------
     0 | D:1      | hitsuchi the Octopode Venom Mage began the quest for the
                  | Orb.
     0 | D:1      | Reached XP level 1. HP: 11/11 MP: 3/3
   228 | D:1      | Reached skill level 4 in Poison Magic
   332 | D:1      | Reached XP level 2. HP: 17/17 MP: 5/5
   547 | D:1      | Reached XP level 3. HP: 5/21 MP: 4/6
   851 | D:1      | Reached skill level 5 in Poison Magic
   851 | D:1      | Found a faded altar of an unknown god.
  1800 | D:2      | Reached XP level 4. HP: 27/27 MP: 7/7
  2182 | D:3      | Reached skill level 6 in Poison Magic
  2245 | D:2      | Learned a level 2 spell: Poisonous Vapours
  2249 | D:2      | Learned a level 3 spell: Mephitic Cloud
  2497 | D:3      | Found a sparkling altar of Nemelex Xobeh.
  3028 | D:3      | Found an opulent altar of Gozag.
  3046 | D:3      | Became a worshipper of Gozag Ym Sagoz the Greedy
  3355 | D:3      | Found a snail-covered altar of Cheibriados.
  3651 | D:3      | Reached skill level 1 in Conjurations
  3651 | D:3      | Reached skill level 1 in Air Magic
  3651 | D:3      | Reached XP level 5. HP: 28/31 MP: 1/8
  3745 | D:3      | Found a stormy altar of Qazlal.
  3760 | D:3      | Found a hide-covered altar of Uskayaw.
  3940 | D:4      | Noticed a black bear
  3969 | D:4      | Killed a black bear
  3970 | D:4      | Reached XP level 6. HP: 32/36 MP: 1/10
  4869 | D:4      | Learned a level 3 spell: Ignite Poison
  5594 | D:4      | Reached skill level 1 in Fire Magic
  5628 | D:5      | Entered Level 5 of the Dungeon
  5630 | D:5      | Found an ornate altar of the Wu Jian Council.
  5713 | D:5      | Reached XP level 7. HP: 36/41 MP: 4/11
  5862 | D:5      | Found a sand-covered staircase.
  5866 | Ossuary  | Entered an ossuary
  5879 | Ossuary  | Learned a level 1 spell: Foxfire
  6672 | D:5      | Noticed a yak
  6672 | D:5      | Noticed a yak
  6689 | D:5      | Noticed a yak
  6691 | D:5      | Killed a yak
  6918 | D:5      | Reached XP level 8. HP: 21/46 MP: 2/13
  7142 | D:5      | Noticed Edmund
  7150 | D:5      | Killed Edmund
  7281 | D:5      | Noticed Sigmund
  7328 | D:5      | Killed Sigmund
  7493 | D:5      | Killed a yak
  7494 | D:5      | Reached skill level 1 in Fighting
  7558 | D:4      | Slain by a yak

Illustrated notes

Levels and vault maps discovered:
D:1:      wander_arrival_fairy_ring, layout_basic,
          shapermc_ecumenical_altar_notcrosses
D:2:      layout_basic, chequers_serial_rivers_micro_d
D:3:      layout_loops_ring, nicolae_gozag_seed_capital,
          mainiacjoe_overflow_small_starburst, nicolae_overflow_hidden_temple,
          minmay_surrounded
D:4:      layout_gridville, kennysheep_small_square
D:5:      layout_basic, nzn_wu_jian_contemplation, enter_ossuary_5,
          serial_park_tiny_1, sigmund_edmund_badplayer

Skill      XL: |  1  2  3  4  5  6  7  8 |
---------------+-------------------------+-----
Poison Magic   | 4 5 6 |  6.0
Conjurations   | 1 2 3 4 |  4.0
Air Magic      | 1 2 3 4 |  4.0
Transmutations | 2 3 4 |  4.0
Spellcasting   | 3 4 |  4.0
Fire Magic     | 1 2 4 |  4.0
Fighting       | 1 |  1.0
Stealth        | 3 |  3.3
Dodging        | |  2.3

Action                   |  1- 3 |  4- 6 |  7- 9 || total
-------------------------+-------+-------+-------++-------
Melee: Short sword       |    32 |    54 |     9 ||    95
       Tentacles         |     7 |     6 |     2 ||    15
       Constrict         |     7 |    14 |     2 ||    23
       Punch             |       |     1 |     1 ||     2
 Cast: Sting             |    18 |    29 |     3 ||    50
       Poisonous Vapours |       |    65 |    20 ||    85
       Foxfire           |       |       |    62 ||    62
       Ignite Poison     |       |       |     5 ||     5
       Mephitic Cloud    |       |       |     2 ||     2
 Stab: Sleeping          |     3 |     4 |       ||     7
Armor: Skin              |     1 |       |       ||     1
Dodge: Dodged            |    26 |    37 |    10 ||    73
